 Dungeon Crawl Stone Soup version 0.27-a0-1186-g8b4daa1eef (webtiles) character file.

Game seed: 17560697913411083406

2669 karrick the Summoner (level 9, -1/66 HPs)
             Began as a Gnoll Summoner on May 19, 2021.
             Was a Priest of Okawaru.
             Succumbed to a killer bee's poison
             ... on level 9 of the Dungeon.
             The game lasted 00:19:06 (9495 turns).

karrick the Summoner (Gnoll Summoner)               Turns: 9495, Time: 00:19:07

Health: -1/66      AC: 11    Str: 10    XL:     9   Next: 63%
Magic:  18/19      EV: 16    Int: 15    God:    Okawaru [***...]
Gold:   449        SH:  6    Dex: 19    Spells: 4/21 levels left

rFire    + . .     SeeInvis .   M - +4 spear (venom)
rCold    + . .     Faith    .   o - +0 buckler
rNeg     . . .     Spirit   .   a - +0 robe
rPois    +         Reflect  .   (no helmet)
rElec    +         Harm     .   L - +1 cloak
rCorr    +         Rampage  .   v - +0 pair of gloves
Will     .....                  d - +0 pair of boots
Stlth    +++.......             N - amulet of magic regeneration
HPRegen  0.21/turn              j - +4 ring of protection
MPRegen  0.41/turn              p - +6 ring of dexterity

@: lethally poisoned (-1 -> -7), resistant, flying, very slightly contaminated,
invisible
A: fangs 1, strong nose, distributed training, wild magic 1
a: Renounce Religion, Heroism


You were on level 9 of the Dungeon.
You worshipped Okawaru.
Okawaru was most pleased with you.
You visited 2 branches of the dungeon, and saw 10 of its levels.

You collected 449 gold pieces.

Inventory:

Hand Weapons
 e - a +2 whip of venom
 r - a +2 short sword of venom
 w - a +0 vampiric rapier
 E - a +3 dire flail of venom
 I - a +3 quarterstaff of chaos
 M - a +4 spear of venom (weapon)
Armour
 a - a +0 robe (worn)
 d - a +0 pair of boots (worn)
 f - a +2 scale mail of poison resistance
 o - a +0 buckler (worn)
 v - a +0 pair of gloves (worn)
 z - the +2 ring mail "Orumnaut" {rC- Dex+6}
   (You found it on level 5 of the Dungeon)

   It affects your dexterity (+6).
   It makes you vulnerable to cold.
 L - a +1 cloak (worn)
Jewellery
 j - a +4 ring of protection (left hand)
 p - a +6 ring of dexterity (right hand)
 A - a ring of resist corrosion
 F - a ring of positive energy
 J - a ring of poison resistance
 N - an amulet of magic regeneration (around neck)
Wands
 c - a wand of acid (4)
 u - a wand of paralysis (21)
 D - a wand of iceblast (24)
 H - a wand of polymorph (15)
Scrolls
 b - 4 scrolls of teleportation {unknown}
 h - 4 scrolls of magic mapping
 i - a scroll of vulnerability {unknown}
 k - a scroll of enchant armour {unknown}
 l - a scroll of amnesia {unknown}
 m - a scroll of silence {unknown}
 n - 2 scrolls of fear {unknown}
 q - 9 scrolls of identify {unknown}
 s - a scroll of acquirement {unknown}
 x - a scroll of brand weapon {unknown}
 y - 2 scrolls of fog {unknown}
 B - a scroll of enchant weapon {unknown}
 K - a scroll of noise {unknown}
Potions
 g - a potion of attraction


   Skills:
 + Level 4.4 Fighting
 + Level 4.4 Short Blades
 + Level 4.4 Long Blades
 + Level 4.4 Axes
 + Level 4.4 Maces & Flails
 + Level 4.4 Polearms
 + Level 4.4 Staves
 + Level 4.4 Slings
 + Level 4.4 Bows
 + Level 4.4 Crossbows
 + Level 4.4 Throwing
 + Level 4.4 Armour
 + Level 6.4 Dodging
 + Level 6.2 Stealth
 + Level 4.4 Shields
 + Level 4.4 Unarmed Combat
 + Level 6.7 Spellcasting
 + Level 3.6 Conjurations
 + Level 3.6 Hexes
 + Level 8.1 Summonings
 + Level 3.6 Necromancy
 + Level 3.6 Translocations
 + Level 3.6 Transmutations
 + Level 3.6 Fire Magic
 + Level 3.6 Ice Magic
 + Level 3.6 Air Magic
 + Level 3.6 Earth Magic
 + Level 3.6 Poison Magic
 + Level 4.9 Invocations
 + Level 4.4 Evocations


You had 4 spell levels left.
You knew the following spells:

 Your Spells              Type           Power      Damage    Failure   Level
a - Summon Small Mammal   Summ           100%       N/A       1%          1
b - Call Imp              Summ           38%        N/A       1%          2
c - Call Canine Familiar  Summ           38%        N/A       3%          3
d - Summon Ice Beast      Ice/Summ       29%        N/A       17%         4
e - Summon Guardian Gole  Hex/Summ       29%        N/A       6%          3
f - Summon Lightning Spi  Summ/Air       29%        N/A       17%         4

Your spell library contained the following spells:

 Spells                   Type           Power      Damage    Failure   Level
 Apportation              Tloc           40%        N/A       5%          1
 Corpse Rot               Necr/Air       N/A        N/A       8%          2
 Inner Flame              Hex/Fire       20%        N/A       13%         3
 Lesser Beckoning         Tloc           10%        N/A       13%         3
 Tukima's Dance           Hex            20%        N/A       13%         3
 Fulminant Prism          Conj/Hex       10%        3d9       38%         4
 Alistair's Intoxication  Tmut/Pois      13%        N/A       71%         5
 Yara's Violent Unravell  Hex/Tmut       10%        3d6       71%         5
 Invisibility             Hex            20%        N/A       99%         6


Dungeon Overview and Level Annotations

Branches:
Dungeon (9/15)             Temple (1/1) D:4
   Lair: D:8-11         Orc: D:9-12

Altars:
Ashenzari
Cheibriados
Dithmenos
Elyvilon
Fedhas
Gozag
Hepliaklqana
Kikubaaqudgha
Makhleb
Okawaru
Qazlal
Ru
Sif Muna
Trog
Uskayaw
Vehumet
Wu Jian
Xom
Yredelemnul
Zin
The Shining One


Innate Abilities, Weirdness & Mutations

You have very sharp teeth.
Your uncanny sense of smell can sniff out nearby items.
Your experience applies equally to all skills.
Your spells are a little harder to cast, but a little more powerful.


Message History

The killer bee stings your hound.
Your hound dies!
Your hound's corpse disappears in a puff of smoke!
The killer bee closely misses you. The killer bee stings you.
* * * LOW HITPOINT WARNING * * *
The killer bee stings your guardian golem.
You feel sick. The killer bee closely misses you. x2
The killer bee barely misses you.
The killer bee stings you but does no damage.
Unknown command.
You open the door.
You feel sick. You block the killer bee's attack. x2
The killer bee completely misses you. The killer bee barely misses you.
The killer bee completely misses you. You block the killer bee's attack.
The killer bee barely misses you.
Unknown command.
You feel sick. The killer bee barely misses you. The killer bee stings you!
* * * LOW HITPOINT WARNING * * *
You are lethally poisoned!
The killer bee poisons you! The killer bee misses you.
The killer bee completely misses you. The killer bee misses you.
There is an open door here.
Unknown command.
* * * LOW HITPOINT WARNING * * *
You feel very sick. The killer bee misses you.
You block the killer bee's attack.
Unknown command.
It was a potion of flight.
You feel very buoyant.
You fly up into the air.
* * * LOW HITPOINT WARNING * * *
You feel sick. The killer bee barely misses you. The killer bee misses you.
Unknown command.
It was a potion of invisibility.
You fade into invisibility!
* * * LOW HITPOINT WARNING * * *
You feel sick. The killer bee misses you. The killer bee closely misses you.
You are very lightly contaminated with residual magic.
Okay, then.
You feel protected.
You die...

........#.##..........# *∆..!
........#.##..........#######†...
........#.##..........'...y.'!y..
........#.##.[........#######yy..
........#..#)))...8...# *,yy.
######'###.'...yyy....# *,,.. #.#
###...yyy....# *,,,. ##.#
#####y###### **+** ####..# #@#
*,,* #....## #.# ***+***
##'######## #.# *,,,,,,
#.....#...# #.# *,,,,,,
#.#######.# #.# *,,,,,,
#.#.....#†### #.# *,,,,,,
#.###.#.#.'.####>########**,,,,,,
#.....#...#......(.......**,,,,,,
#########.######.#######.,+,,,,,,


You could see 7 killer bees and a friendly guardian golem (summoned).

Vanquished Creatures
  A wyvern (D:7)
  Eustachio (D:6)
  Edmund (D:5)
  An ice beast (D:4)
  An ogre (D:6)
  A centaur (D:5)
  A wyvern zombie (D:9)
  2 bullfrogs
  2 gnoll sergeants
  4 scorpions
  6 killer bees
  A centaur zombie (D:9)
  An orc priest (D:6)
  A centaur skeleton (D:5)
  A hound (D:4)
  A gnoll shaman (D:3)
  Crazy Yiuf (D:5)
  3 iguanas
  Ijyb (D:4)
  A hound zombie (D:5)
  2 hound skeletons
  12 gnolls
  5 adders
  A howler monkey skeleton (D:7)
  2 white imps (D:7)
  2 ufetubi
  A worm (D:4)
  3 dart slugs
  7 orcs
  9 ball pythons
  2 bats
  4 endoplasms
  2 giant cockroaches
  5 goblins
  3 hobgoblins
  9 jackals
  A quokka (D:4)
  4 frilled lizards
  6 kobolds
  4 rats
116 creatures vanquished.

Vanquished Creatures (collateral kills)
  Sigmund (D:6)
  An acid dragon (D:5)
  A water moccasin (D:8)
  A black bear (D:5)
  An ogre (D:6)
  A phantom (D:6)
  A bullfrog (D:6)
  A wyvern skeleton (D:6)
  2 killer bees (D:9)
  A hound (D:7)
  A bullfrog zombie (D:6)
  2 orc priests
  A centaur skeleton (D:6)
  3 orc wizards
  A hound skeleton (D:4)
  7 gnolls
  A worm (D:3)
  9 orcs
  An endoplasm (D:1)
  A hobgoblin (D:1)
  A kobold (D:3)
  A ball python (D:2)
  A bat (D:1)
41 creatures vanquished.

Vanquished Creatures (others)
  An orc warrior (D:7)
1 creature vanquished.

Grand Total: 158 creatures vanquished

Notes
Turn   | Place    | Note
-------+----------+-------------------------------------------
     0 | D:1      | karrick the Gnoll Summoner began the quest for the Orb.
     0 | D:1      | Reached XP level 1. HP: 13/13 MP: 6/6
   688 | D:1      | Reached XP level 2. HP: 8/19 MP: 5/7
  1710 | D:2      | Reached XP level 3. HP: 25/25 MP: 9/9
  1742 | D:2      | Reached skill level 5 in Spellcasting
  1759 | D:2      | Learned a level 2 spell: Call Imp
  1763 | D:2      | Learned a level 3 spell: Call Canine Familiar
  1962 | D:2      | Noticed a scorpion
  1970 | D:2      | Killed a scorpion
  1971 | D:2      | Reached skill level 1 in Fighting
  1971 | D:2      | Reached skill level 1 in Short Blades
  1971 | D:2      | Reached skill level 1 in Long Blades
  1971 | D:2      | Reached skill level 1 in Axes
  1971 | D:2      | Reached skill level 1 in Maces & Flails
  1971 | D:2      | Reached skill level 1 in Polearms
  1971 | D:2      | Reached skill level 1 in Staves
  1971 | D:2      | Reached skill level 1 in Slings
  1971 | D:2      | Reached skill level 1 in Bows
  1971 | D:2      | Reached skill level 1 in Crossbows
  1971 | D:2      | Reached skill level 1 in Throwing
  1971 | D:2      | Reached skill level 1 in Armour
  1971 | D:2      | Reached skill level 1 in Shields
  1971 | D:2      | Reached skill level 1 in Unarmed Combat
  1971 | D:2      | Reached skill level 1 in Invocations
  1971 | D:2      | Reached skill level 1 in Evocations
  1971 | D:2      | Reached XP level 4. HP: 25/32 MP: 11/11
  2082 | D:2      | Reached skill level 1 in Conjurations
  2082 | D:2      | Reached skill level 1 in Hexes
  2082 | D:2      | Reached skill level 1 in Necromancy
  2082 | D:2      | Reached skill level 1 in Translocations
  2082 | D:2      | Reached skill level 1 in Transmutations
  2082 | D:2      | Reached skill level 1 in Fire Magic
  2082 | D:2      | Reached skill level 1 in Ice Magic
  2082 | D:2      | Reached skill level 1 in Air Magic
  2082 | D:2      | Reached skill level 1 in Earth Magic
  2082 | D:2      | Reached skill level 1 in Poison Magic
  2087 | D:2      | Found a faded altar of an unknown god.
  2578 | D:3      | Identified Sif Muna's Reference Book on Ensnaring Sinister
                  | Secrets
  2613 | D:3      | Reached XP level 5. HP: 37/37 MP: 12/12
  3433 | D:4      | Reached XP level 6. HP: 44/44 MP: 13/13
  3702 | D:3      | Reached skill level 5 in Dodging
  4237 | D:4      | Noticed Ijyb
  4243 | D:4      | Killed Ijyb
  4529 | D:4      | Found a glowing silver altar of Zin.
  4529 | D:4      | Found a burning altar of Makhleb.
  4530 | D:4      | Noticed an Executioner
  4530 | D:4      | Noticed an angel
  4623 | D:4      | Found a radiant altar of Vehumet.
  4637 | D:4      | Found an opulent altar of Gozag.
  4638 | D:4      | Found a shadowy altar of Dithmenos.
  4639 | D:4      | Found a hazy altar of Hepliaklqana.
  4639 | D:4      | Found an ancient bone altar of Kikubaaqudgha.
  4639 | D:4      | Found a shimmering blue altar of Sif Muna.
  4642 | D:4      | Found a blossoming altar of Fedhas.
  4644 | D:4      | Found an ornate altar of the Wu Jian Council.
  4680 | D:4      | Found a staircase to the Ecumenical Temple.
  4690 | Temple   | Entered the Ecumenical Temple
  4821 | Temple   | Became a worshipper of Warmaster Okawaru
  4900 | D:4      | Noticed an ice beast
  4929 | D:4      | Killed an ice beast
  4930 | D:4      | Reached XP level 7. HP: 39/50 MP: 2/15
  5302 | D:5      | Entered Level 5 of the Dungeon
  5372 | D:5      | Identified the +2 ring mail "Orumnaut" {rC- Dex+6}
  5411 | D:5      | Reached skill level 5 in Stealth
  5450 | D:5      | Reached * piety under Okawaru
  5561 | D:5      | Noticed Edmund
  6092 | D:6      | Reached XP level 8. HP: 57/57 MP: 4/16
  6176 | D:6      | Noticed Eustachio
  6181 | D:6      | Noticed Sigmund
  6464 | D:5      | Killed Edmund
  6474 | D:5      | Reached ** piety under Okawaru
  6729 | D:5      | Found a snail-covered altar of Cheibriados.
  7032 | D:5      | Found a runed translucent door.
  7033 | D:5      | Noticed Crazy Yiuf
  7108 | D:5      | Killed Crazy Yiuf
  7317 | D:6      | Killed Sigmund
  7329 | D:6      | Killed Eustachio
  7449 | D:6      | Learned a level 4 spell: Summon Ice Beast
  7453 | D:6      | Learned a level 3 spell: Summon Guardian Golem
  7734 | D:7      | Found a sacrificial altar of Ru.
  7892 | D:7      | Reached XP level 9. HP: 60/65 MP: 14/18
  8084 | D:7      | Reached *** piety under Okawaru
  8664 | D:8      | Reached skill level 8 in Summonings
  8671 | D:8      | HP: 2/65 [poisoned by a water moccasin]
  8672 | D:8      | Gained mutation: Your spells are a little harder to cast,
                  | but a little more powerful. [potion of mutation]
  8987 | D:8      | Learned a level 4 spell: Summon Lightning Spire
  9152 | D:9      | Received a gift from Okawaru
  9465 | D:9      | Noticed a queen bee
  9493 | D:9      | HP: 3/66 [poisoned by a killer bee]
  9494 | D:9      | HP: 1/66 [poisoned by a killer bee]
  9495 | D:9      | Succumbed to a killer bee's poison

Illustrated notes

Levels and vault maps discovered:
D:1:      lemuel_arrival_tunnels, layout_loops_ring
D:2:      layout_rooms, hellmonk_ecumenical_altar_crossroads
D:3:      layout_basic
D:4:      layout_loops_ring, grunt_temple_overflow_order_and_chaos_2,
          minitemple, temple_hall, kennysheep_small_spiral, uniq_ijyb
D:5:      layout_rooms, amcnicky_altar_gilded, uniq_edmund,
          uniq_crazy_yiuf_cottage
D:6:      layout_cave_pools, uniq_eustachio, uniq_sigmund
D:7:      layout_gridville, nicolae_ru_sacrificial_ziggurat
D:8:      layout_basic, serial_shops, shop, special_room [special_room_orc],
          grunt_ministairs_10, minmay_orc_keep
D:9:      layout_roguey [special_room_bee], nemelex_xobeh_ov_fountains_minmay,
          uniq_psyche
Temple:   nicolae_temple_figure_zero

Skill      XL: |  1  2  3  4  5  6  7  8  9 |
---------------+----------------------------+-----
Spellcasting   | 5 6 |  6.7
Fighting       | 1 2 3 4 |  4.4
Short Blades   | 1 2 3 4 |  4.4
Long Blades    | 1 2 3 4 |  4.4
Axes           | 1 2 3 4 |  4.4
Maces & Flails | 1 2 3 4 |  4.4
Polearms       | 1 2 3 4 |  4.4
Staves         | 1 2 3 4 |  4.4
Slings         | 1 2 3 4 |  4.4
Bows           | 1 2 3 4 |  4.4
Crossbows      | 1 2 3 4 |  4.4
Throwing       | 1 2 3 4 |  4.4
Armour         | 1 2 3 4 |  4.4
Shields        | 1 2 3 4 |  4.4
Unarmed Combat | 1 2 3 4 |  4.4
Invocations    | 1 2 3 4 |  4.9
Evocations     | 1 2 3 4 |  4.4
Conjurations   | 1 2 3 |  3.6
Hexes          | 1 2 3 |  3.6
Necromancy     | 1 2 3 |  3.6
Translocations | 1 2 3 |  3.6
Transmutations | 1 2 3 |  3.6
Fire Magic     | 1 2 3 |  3.6
Ice Magic      | 1 2 3 |  3.6
Air Magic      | 1 2 3 |  3.6
Earth Magic    | 1 2 3 |  3.6
Poison Magic   | 1 2 3 |  3.6
Dodging        | 5 6 |  6.4
Stealth        | 5 6 |  6.2
Summonings     | 8 |  8.1

Action                   |  1- 3 |  4- 6 |  7- 9 || total
-------------------------+-------+-------+-------++-------
Melee: Unarmed           |    19 |       |       ||    19
       Whip              |    65 |    44 |       ||   109
       Bite              |     4 |    10 |    30 ||    44
       Short sword       |       |    90 |   267 ||   357
       Spear             |       |       |     8 ||     8
 Cast: Summon Small Mamm |    14 |     1 |       ||    15
       Call Imp          |       |    11 |    35 ||    46
       Call Canine Famil |       |    11 |    25 ||    36
       Summon Lightning  |       |       |     3 ||     3
       Summon Guardian G |       |       |     3 ||     3
  Use: Potion            |       |       |    12 ||    12
       Scroll            |       |       |     1 ||     1
 Stab: Sleeping          |     5 |    12 |     5 ||    22
       Distracted        |       |     1 |     3 ||     4
Armor: Robe              |    33 |    19 |    88 ||   140
Dodge: Dodged            |    64 |    82 |   241 ||   387
Block: Buckler           |       |    22 |    81 ||   103

Table legend: (Time is in decaauts)
 A = Elapsed time spent in this place.
 B = Non-inter-level travel time spent in this place.
 C = Inter-level travel time spent in this place.
 D = Time resting spent in this place.
 E = Time spent auto-exploring this place.
 F = Levels seen in this place.
 G = Mean time per level.
                   A        B        C        D        E       F      G
               +--------+--------+--------+--------+--------+-----+--------+
         Total |   9496 |   9106 |    390 |    759 |   6708 |  10 |  949.6 |
       Dungeon |   9354 |   8989 |    365 |    759 |   6595 |   9 | 1039.3 |
        Temple |    141 |    116 |     25 |      0 |    113 |   1 |  141.0 |
               +--------+--------+--------+--------+--------+-----+--------+

Top non-repeatable levels by time:
     D:1: 1589 daAuts
     D:4: 1405 daAuts
     D:3: 1384 daAuts
     D:5: 1187 daAuts
     D:7: 1096 daAuts
     D:6: 954 daAuts
     D:2: 885 daAuts
     D:9: 473 daAuts
     D:8: 376 daAuts
  Temple: 141 daAuts
